 Dungeon Crawl Stone Soup version 0.29-a0-266-gf56f883ddd (webtiles) character file.

Game seed: 11367219058393463249

4424 Ordine the Carver (level 10, -4/64 HPs)
             Began as a Tengu Warper on Mar 5, 2022.
             Was an Elder of Okawaru.
             Killed from afar by an acid dragon (26 damage)
             ... with a splash of acid
             ... on level 7 of the Dungeon.
             The game lasted 00:21:15 (8956 turns).

Ordine the Carver (Tengu Warper)                    Turns: 8956, Time: 00:21:15

Health: -4/64      AC: 13    Str: 11    XL:     10   Next: 36%
Magic:  14/14      EV: 25    Int: 13    God:    Okawaru [****..]
Gold:   293        SH:  0    Dex: 25    Spells: 13/13 levels left

rFire   + + .      SeeInvis .   a - +0 long sword
rCold   . . .      Faith    .   (no shield)
rNeg    . . .      Spirit   .   G - +1 chain mail of Nejycs {rElec rF++}
rPois   .          Reflect  .   (helmet restricted)
rElec   +          Harm     .   g - +2 cloak
rCorr   .          Rampage  .   D - +0 pair of gloves
Will    .....                   (boots unavailable)
Stlth   ..........              F - amulet of the acrobat
HPRegen 0.20/turn               i - +6 ring of dexterity
MPRegen 0.14/turn               x - +4 ring of evasion

@: acrobatic, flying quickly and evasively, quick
A: beak, talons 3, nimble flight
a: Renounce Religion, Heroism, Finesse


You were on level 7 of the Dungeon.
You worshipped Okawaru.
Okawaru was greatly pleased with you.
You visited 2 branches of the dungeon, and saw 9 of its levels.

You collected 458 gold pieces.
You spent 165 gold pieces at shops.

Inventory:

Hand Weapons
 a - a +0 long sword (weapon)
 b - a +0 dagger of venom
Missiles
 d - 7 boomerangs of dispersal
 f - 6 silver javelins
 h - a throwing net
 s - 3 atropa-tipped darts
 v - 5 javelins
 E - 28 poisoned darts
 I - 3 boomerangs
Armour
 g - a +2 cloak (worn)
 w - a +2 kite shield
 y - a +1 cloak of stealth
 D - a +0 pair of gloves (worn)
 G - the +1 chain mail of Nejycs (worn) {rElec rF++}
   (You found it on level 6 of the Dungeon)

   rF:        It greatly protects you from fire.
   rElec:     It insulates you from electricity.
Jewellery
 i - a +6 ring of dexterity (left hand)
 n - a ring of ice
 x - a +4 ring of evasion (right hand)
 F - an amulet of the acrobat (around neck)
 K - a ring of wizardry
 L - a ring of magical power
Wands
 B - a wand of flame (22)
 C - a wand of polymorph (7)
 H - a wand of paralysis (13)
 J - a wand of iceblast (22)
Scrolls
 c - 6 scrolls of blinking
 j - a scroll of fog
 m - a scroll of acquirement
 o - a scroll of magic mapping
 q - 2 scrolls of teleportation
 t - 2 scrolls of enchant weapon
 u - a scroll of holy word
 z - 2 scrolls of fear
Potions
 e - 3 potions of mutation
 k - a potion of berserk rage
 l - a potion of attraction
 r - a potion of cancellation {unknown}
 A - 2 potions of might


   Skills:
 + Level 8.1 Fighting
 * Level 12.2 Long Blades
 - Level 6.0 Throwing
 - Level 1.1 Armour
 - Level 2.1 Dodging
 - Level 2.0 Spellcasting
 - Level 2.4 Translocations


You had 13 spell levels left.
You didn't know any spells.
Your spell library contained the following spells:

 Spells                   Type           Power      Damage    Failure   Level
 Blink                    Tloc           14%        N/A       100%        2
 Gell's Gravitas          Tloc           7%         N/A       100%        3
 Lesser Beckoning         Tloc           7%         N/A       100%        3
 Teleport Other           Tloc           7%         N/A       100%        3
 Manifold Assault         Tloc           7%         N/A       100%        5


Dungeon Overview and Level Annotations

Branches:
Dungeon (8/15)             Temple (1/1) D:7
   Lair: D:8-11

Altars:
Ashenzari
Cheibriados
Dithmenos
Fedhas
Gozag
Hepliaklqana
Kikubaaqudgha
Makhleb
Nemelex Xobeh
Okawaru
Qazlal
Ru
Sif Muna
Trog
Uskayaw
Vehumet
Xom
Yredelemnul
Lugonu

Shops:
D:5 *

Annotations:
D:7 3 runed translucent doors, Gargoyl's ghost, novice GrAK


Innate Abilities, Weirdness & Mutations

You have a beak for a mouth.
You have claws for feet.
Your magical nature lets you fly swiftly and evasively.


Message History

The troll leather armour is intact enough to wear.
The wight completely misses you. The steam dragon breathes steam at you.
The ball of steam hits you. You resist.
* * * LOW HITPOINT WARNING * * *
You are no longer glowing.
Found an escape hatch in the floor.
There is an escape hatch in the ceiling here.
There is a stone staircase leading up, spattered with blood here.
You fly upwards.
Level annotation: 3 runed translucent doors, Gargoyl's ghost, novice GrAK
There is a stone staircase leading down here.
You start resting.
An acid dragon comes into view.
The acid dragon roars!
You fly downwards.
The wight hits you with a +3 dire flail!
The steam dragon breathes steam at you. The ball of steam hits you! You resist.
The wight hits you but does no damage.
There is a stone staircase leading up, spattered with blood here.
The wight hits you but does no damage.
You fly upwards.
Level annotation: 3 runed translucent doors, Gargoyl's ghost, novice GrAK
There is a stone staircase leading down here.
You hit the wight but do no damage. Your peck misses the wight.
You closely miss the wight. The wight hits you but does no damage.
The acid dragon spits acid at you. The splash of acid hits you!!
The acid corrodes you!
The kobold brigand shouts! x2; You hear a shout!
The kobold brigand shouts! x2
Gargoyl's ghost turns its malevolent gaze towards you.
The kobold brigand shouts!
You hear a shout!
The kobold brigand shouts!
The acid dragon spits acid at you. The splash of acid hits you!
You are no longer corroded.
There is a stone staircase leading up here.
The acid dragon spits acid at you. The splash of acid hits you!!
You die...

#...## #....# # ##...# #
#...# # ###...# ##
##.#...########## ##### #.
#......#........###.:.###.
#...#...........##.....###
#.......#@.z....#.#K..#.##
#.......#.......#⌠.#.#.⌠##
#.......#.......#K#KW.#.##
#........#......##KKKK.##.
#...#....#.....D.##+++##..
#...#....##...............
##.##.....##########.##...
#.###....# #...... ###
#....# ####.....


You could see an acid dragon (catching breath) and a wight.

Vanquished Creatures
  Pikel (D:4)
  A troll (D:8)
  4 yaks (D:8)
  Sigmund (D:4)
  3 steam dragons (D:7)
  4 water moccasins
  An orc warrior (D:6)
  2 ice beasts (D:6)
  3 ogres (D:4)
  A phantom (D:6)
  2 bullfrogs
  A kobold brigand (D:8)
  A gnoll sergeant (D:6)
  3 scorpions
  A necrophage (D:6)
  5 wights (D:7)
  2 howler monkeys (D:5)
  3 hounds
  A jelly (D:4)
  3 gnoll shamans
  3 orc priests
  Crazy Yiuf (D:2)
  6 iguanas
  3 orc wizards (D:6)
  8 adders
  8 gnolls
  A white imp (D:7)
  3 worms
  5 dart slugs
  12 orcs
  7 endoplasms
  2 giant cockroaches
  7 hobgoblins
  2 jackals (D:4)
  15 kobolds
  3 quokkas
  6 ball pythons
  4 bats
  3 frilled lizards
  5 goblins
  6 rats
153 creatures vanquished.

Notes
Turn   | Place    | Note
-------+----------+-------------------------------------------
     0 | D:1      | Ordine the Tengu Warper began the quest for the Orb.
     0 | D:1      | Reached XP level 1. HP: 12/12 MP: 4/4
   320 | D:1      | Reached XP level 2. HP: 17/17 MP: 6/6
   693 | D:1      | Reached skill level 3 in Long Blades
  1094 | D:2      | Noticed a scorpion
  1316 | D:2      | Reached XP level 3. HP: 22/22 MP: 7/7
  1600 | D:2      | You fall into a shaft and drop 1 floor!
  1724 | D:3      | Found a shadowy altar of Dithmenos.
  1812 | D:3      | Reached XP level 4. HP: 27/27 MP: 8/8
  2068 | D:2      | Found a runed translucent door.
  2069 | D:2      | Noticed Crazy Yiuf
  2077 | D:2      | Killed Crazy Yiuf
  2635 | D:2      | Killed a scorpion
  2636 | D:2      | Reached skill level 4 in Long Blades
  2636 | D:2      | Gained mutation: Your magical nature lets you fly swiftly
                  | and evasively. [Tengu growth]
  2636 | D:2      | Reached XP level 5. HP: 32/32 MP: 9/9
  2684 | D:3      | Found a faded altar of an unknown god.
  2777 | D:3      | Found a radiant altar of Vehumet.
  2941 | D:3      | Found a shimmering altar of Xom.
  3143 | D:4      | Noticed a water moccasin
  3161 | D:4      | Killed a water moccasin
  3162 | D:4      | Reached skill level 5 in Long Blades
  3162 | D:4      | Reached XP level 6. HP: 32/37 MP: 10/10
  3662 | D:4      | Reached XP level 7. HP: 36/43 MP: 11/11
  3664 | D:4      | Reached skill level 6 in Long Blades
  4008 | D:4      | Noticed Sigmund
  4027 | D:4      | Killed Sigmund
  4028 | D:4      | Reached skill level 7 in Long Blades
  4214 | D:4      | Found an iron altar of Okawaru.
  4214 | D:4      | Found a sparkling altar of Nemelex Xobeh.
  4221 | D:4      | Became a worshipper of Warmaster Okawaru
  4304 | D:5      | Entered Level 5 of the Dungeon
  4322 | D:5      | Reached XP level 8. HP: 48/48 MP: 12/12
  4577 | D:4      | Reached skill level 5 in Fighting
  4690 | D:5      | Found Giutaly's General Store.
  4699 | D:5      | Bought a scroll of identify for 20 gold pieces
  4699 | D:5      | Bought a scroll of noise for 10 gold pieces
  4699 | D:5      | Bought a wand of polymorph (7) for 90 gold pieces
  4699 | D:5      | Bought a +0 pair of gloves for 45 gold pieces
  4707 | D:5      | Identified a scroll of acquirement
  4866 | D:5      | Noticed Pikel
  4899 | D:4      | Killed Pikel
  4899 | D:4      | Reached * piety under Okawaru
  4900 | D:4      | Reached skill level 8 in Long Blades
  4900 | D:4      | Reached skill level 5 in Throwing
  5336 | D:6      | Reached XP level 9. HP: 55/55 MP: 13/13
  5340 | D:6      | Reached skill level 9 in Long Blades
  5389 | D:6      | Reached ** piety under Okawaru
  5688 | D:6      | Identified the +1 chain mail of Nejycs {rElec rF++}
  6082 | D:6      | Reached skill level 10 in Long Blades
  6472 | D:7      | Found a staircase to the Ecumenical Temple.
  6742 | Temple   | Entered the Ecumenical Temple
  7378 | D:7      | Reached *** piety under Okawaru
  7379 | D:7      | Reached skill level 11 in Long Blades
  7658 | D:7      | Found a runed translucent gate.
  7659 | D:7      | Found a runed translucent gate.
  7664 | D:7      | Noticed Gargoyl's ghost (novice GrAK)
  7719 | D:7      | Noticed a kobold demonologist
  7723 | D:7      | Found a runed translucent gate.
  7859 | D:7      | Found a bloodstained altar of Trog.
  7859 | D:7      | Found an opulent altar of Gozag.
  7867 | D:7      | Found a stormy altar of Qazlal.
  7869 | D:7      | Found a faded altar of an unknown god.
  7872 | D:7      | Found a broken altar of Ashenzari.
  8153 | D:7      | Reached XP level 10. HP: 53/63 MP: 14/14
  8669 | D:8      | Reached skill level 12 in Long Blades
  8683 | D:8      | Reached **** piety under Okawaru
  8956 | D:7      | Killed from afar by an acid dragon

Illustrated notes

Levels and vault maps discovered:
D:1:      dpeg_arrival_circle_labyrinth_c, layout_basic, minmay_misc_feat_five,
          kennysheep_minor_cross
D:2:      layout_loops_ring, uniq_crazy_yiuf_cottage
D:3:      layout_basic, mainiacjoe_overflow_brackets, lemuel_tele_altar,
          tgw_xom, ebering_ecumenical_altar_rust, st_stairs_3
D:4:      kennysheep_big_flooded_room, layout_gridville,
          amethyst_overflow_temple_binary, hangedman_decor_opposing,
          uniq_sigmund
D:5:      layout_rooms, serial_shops, shop, uniq_pikel
D:6:      layout_cave_pools
D:7:      layout_cave_pods, chequers_temple_overflow_minitemple,
          minmay_temple_entry_tees, gammafunk_ghost_nasty_kobolds,
          feat_on_display
D:8:      layout_cave_pools, mainiacjoe_overflow_small_starburst,
          kb_lookout_dungeons_type, kennysheep_kite_vault, uniq_gastronok
Temple:   kb_corrupted_temple

Skill      XL: |  1  2  3  4  5  6  7  8  9 10 |
---------------+-------------------------------+-----
Long Blades    | 3 4 5 7 8 11 12 | 12.2
Throwing       | 2 3 4 5 6 |  6.0
Fighting       | 3 4 5 7 8 |  8.1
Armour         | |  1.1
Dodging        | |  2.1
Spellcasting   | |  2.0
Translocations | |  2.4

Action                   |  1- 3 |  4- 6 |  7- 9 | 10-12 || total
-------------------------+-------+-------+-------+-------++-------
Melee: Falchion          |    70 |    73 |   246 |       ||   389
       Kick              |    16 |    19 |   115 |    20 ||   170
       Peck              |     9 |     8 |    63 |    24 ||   104
       Punch             |     1 |     2 |     4 |     3 ||    10
       Long sword        |       |       |    24 |    66 ||    90
       Dagger            |       |       |    11 |       ||    11
Throw: Javelin           |       |     1 |       |       ||     1
  Use: Scroll            |       |       |    13 |       ||    13
       Potion            |       |       |     4 |     1 ||     5
 Stab: Sleeping          |     3 |       |       |       ||     3
       Invisible         |       |       |     1 |       ||     1
Armor: Leather armour    |    24 |    10 |    20 |       ||    54
       Chain mail        |       |       |    37 |    28 ||    65
Dodge: Dodged            |    37 |    58 |   221 |    41 ||   357
Block: Kite shield       |       |       |     2 |       ||     2

Table legend: (Time is in decaauts)
 A = Elapsed time spent in this place.
 B = Non-inter-level travel time spent in this place.
 C = Inter-level travel time spent in this place.
 D = Time resting spent in this place.
 E = Time spent auto-exploring this place.
 F = Levels seen in this place.
 G = Mean time per level.
                   A        B        C        D        E       F      G
               +--------+--------+--------+--------+--------+-----+--------+
         Total |   8638 |   8373 |    265 |   1279 |   5791 |   9 |  959.8 |
       Dungeon |   8527 |   8276 |    251 |   1279 |   5708 |   8 | 1065.9 |
        Temple |    110 |     96 |     14 |      0 |     82 |   1 |  110.0 |
               +--------+--------+--------+--------+--------+-----+--------+

Top non-repeatable levels by time:
     D:7: 1679 daAuts
     D:4: 1488 daAuts
     D:2: 1258 daAuts
     D:6: 1083 daAuts
     D:1: 1082 daAuts
     D:3: 937 daAuts
     D:5: 645 daAuts
     D:8: 352 daAuts
  Temple: 110 daAuts
